 Dungeon Crawl Stone Soup version 0.21.1-1-g345015f (webtiles) character file.

118370 vatarom the Scorcher (level 16, -11/87 HPs)
             Began as a Deep Elf Fire Elementalist on May 10, 2018.
             Was a High Priest of Vehumet.
             Mangled by a salamander
             ... wielding a cursed -1 halberd
              (12 damage)
             ... on level 3 of the Snake Pit on May 11, 2018.
             The game lasted 02:01:45 (35616 turns).

vatarom the Scorcher (Deep Elf Fire Elementalist)  Turns: 35616, Time: 02:01:46

Health: -11/87     AC:  9    Str:  6    XL:     16   Next: 25%
Magic:  4/47       EV: 17    Int: 30    God:    Vehumet [*****.]
Gold:   1340       SH:  5    Dex: 15    Spells: 2/40 levels left

rFire    + . .     SeeInvis +   z - staff of energy
rCold    + + .     Gourm    .   (no shield)
rNeg     + + .     Faith    .   y - +1 leather armour "Igaohih" {rN+ Int+3 Slay+2}
rPois    +         Spirit   .   a - -2 hat of the Alchemist {rElec rPois rF+ rC+ rN+ MR+ rMut rCorr}
rElec    +         Reflect  +   S - +2 cloak of the Thief {+Fog Slay-2 SInv Stlth+}
rCorr    +         Harm     .   U - +0 pair of gloves of the Kangaroo {rElec} (curse)
rMut     +                      W - +2 pair of boots
MR       ++...                  m - +5 amulet of reflection
Stlth    +++.......             o - ring "Xoac" {rPois SInv}
HPRegen  0.24/turn              C - ring of magical power
MPRegen  0.30/turn

@: very slightly contaminated
A: talons 1, cold resistance 1, high mp 1
a: Renounce Religion, Evoke Fog


You were on level 3 of the Snake Pit.
You worshipped Vehumet.
Vehumet was extremely pleased with you.
You were not hungry.

You visited 5 branches of the dungeon, and saw 27 of its levels.

You collected 2739 gold pieces.
You spent 1399 gold pieces at shops.

Inventory:

Hand Weapons
 k - a +3 quarterstaff of protection
Missiles
 p - 582 stones (quivered)
Armour
 a - the -2 hat of the Alchemist (worn) {rElec rPois rF+ rC+ rN+ MR+ rMut rCorr}
   (You bought it in a shop on level 5 of the Dungeon)

   It protects you from fire.
   It protects you from cold.
   It insulates you from electricity.
   It protects you from poison.
   It protects you from negative energy.
   It affects your resistance to hostile enchantments.
   It protects you from acid and corrosion.
   It protects you from mutation.
 y - the +1 leather armour "Igaohih" (worn) {rN+ Int+3 Slay+2}
   (You found it on level 4 of the Dungeon)

   It affects your intelligence (+3).
   It affects your accuracy and damage with ranged weapons and melee attacks
   (+2).
   It protects you from negative energy.
 G - a scarf of cloud immunity
 S - the +2 cloak of the Thief (worn) {+Fog Slay-2 SInv Stlth+}
   (You bought it in a shop on level 13 of the Dungeon)

   It affects your accuracy and damage with ranged weapons and melee attacks
   (-2).
   It lets you see invisible.
   It makes you more stealthy.
 U - the cursed +0 pair of gloves of the Kangaroo (worn) {rElec}
   (You found it on level 4 of the Lair of Beasts)

   It insulates you from electricity.
   It has a curse placed upon it.
 W - a +2 pair of boots (worn)
Magical Staves
 z - an uncursed staff of energy (weapon)
 O - an uncursed staff of fire
Jewellery
 l - an uncursed amulet of the gourmand
 m - a +5 amulet of reflection (around neck)
 o - the ring "Xoac" (left hand) {rPois SInv}
   (You found it on level 11 of the Dungeon)

   [ring of see invisible]

   It protects you from poison.
   It lets you see invisible.
 C - a ring of magical power (right hand)
 N - a +1 ring of protection
Wands
 b - a wand of enslavement (8)
 h - a wand of disintegration (18)
 A - a wand of random effects (17)
 D - a wand of scattershot (4)
 T - a wand of iceblast (2)
 Z - a wand of flame (18)
Scrolls
 f - a scroll of random uselessness
 g - 3 scrolls of enchant weapon
 i - 2 scrolls of holy word
 j - 5 scrolls of amnesia
 n - 3 scrolls of fog
 q - 3 scrolls of magic mapping
 r - a scroll of brand weapon
 v - 9 scrolls of remove curse
 w - 2 scrolls of immolation
 x - 4 scrolls of enchant armour
 R - 3 scrolls of identify
Potions
 d - 3 potions of curing
 e - 5 potions of flight
 t - 5 potions of brilliance
 u - 4 potions of resistance
 B - 6 potions of lignification
 E - 2 potions of ambrosia
 F - 4 potions of agility
 I - a potion of magic {unknown}
 J - 2 potions of berserk rage
 K - 3 potions of might {unknown}
 L - 2 potions of haste
 P - 3 potions of degeneration {unknown}
 Q - a potion of cancellation {unknown}
Books
 s - a book of Beasts

   Spells                             Type                      Level
   a - Summon Butterflies             Summoning                    1
   b - Call Canine Familiar           Summoning                    3
   c - Summon Ice Beast               Ice/Summoning                4
   d - Summon Mana Viper              Hexes/Summoning              5
   e - Summon Hydra                   Summoning                    7
 V - a book of Geomancy

   Spells                             Type                      Level
   a - Sandblast                      Earth                        1
   b - Passwall                       Transmutation/Earth          2
   c - Stone Arrow                    Conjuration/Earth            3
   d - Petrify                        Transmutation/Earth          4
   e - Lee's Rapid Deconstruction     Earth                        5
Comestibles
 c - 28 rations


   Skills:
 - Level 5.0 Fighting
 - Level 9.0 Dodging
 - Level 2.4 Stealth
 - Level 12.9 Spellcasting
 + Level 16.5 Conjurations
 + Level 18.7 Fire Magic
 * Level 0.0 Air Magic
 - Level 12.1 Evocations


You had 2 spell levels left.
You knew the following spells:

 Your Spells              Type           Power        Failure   Level  Hunger
a - Fireball              Conj/Fire      #######...   1%          5    None
b - Throw Icicle          Conj/Ice       ######..     1%          4    None
c - Conjure Flame         Conj/Fire      #######.     0%          3    None
d - Sticky Flame          Conj/Fire      #######.     1%          4    None
f - Flame Tongue          Conj/Fire      #####        0%          1    None
g - Throw Flame           Conj/Fire      ######       0%          2    None
B - Bolt of Fire          Conj/Fire      #######...   1%          6    None
C - Freezing Cloud        Conj/Ice/Air   ######....   17%         6    None
O - Orb of Destruction    Conj           #######...   1%          7    None


Dungeon Overview and Level Annotations

Branches:
Dungeon (15/15)            Temple (1/1) D:7            Lair (6/6) D:9
 Shoals (0/4) Lair:2        Snake (3/4) Lair:4        Slime (0/5) Lair:6
    Orc (2/2) D:10            Elf (0/3) Orc:2        Vaults (0/5) D:13
 Depths (0/5) D:15

Altars:
Ashenzari
Cheibriados
Dithmenos
Elyvilon
Fedhas
Gozag
Hepliaklqana
Kikubaaqudgha
Makhleb
Nemelex Xobeh
Okawaru
Qazlal
Ru
Sif Muna
Trog
Uskayaw
Vehumet
Wu Jian
Xom
Yredelemnul
Zin
The Shining One
Beogh

Shops:
D:4 *   D:5 %:[((%   D:9 ?   D:13 [   Orc:2 [}[(   Snake:3 =

Annotations:
D:9 2 runed doors
D:14 exclusion: Roxanne, Roxanne


Innate Abilities, Weirdness & Mutations

You have sharp toenails.
Your flesh is cold resistant. (rC+)
You have an increased reservoir of magic. (+10% MP)


Message History

The salamander is engulfed in freezing vapours.
The salamander mystic points at the naga and mumbles some strange words.
The naga seems to speed up.
The naga is engulfed in freezing vapours.
The salamander shoots an arrow.
The arrow misses you.
The salamander is engulfed in freezing vapours.
Unknown command.
Casting: Freezing Cloud
Confirm with . or Enter, or press ? or * to list all spells.
Aiming: Orb of Destruction
Press: ? - help, Shift-Dir - straight line, f - anaconda
Aim: an anaconda (moderately wounded)
The wavering orb of destruction weakly hits the anaconda.
The anaconda is severely wounded.
You block the salamander's attack. The anaconda misses you.
The anaconda bites you!
* * * LOW HITPOINT WARNING * * *
The naga is engulfed in freezing vapours.
The salamander hits you from afar with an enchanted halberd!
You die...

# ..##
.∩§§#
.N§NN#
.∩§§§N#
.....(.##
#....N(@#
##....NS.#
##....S...
###.......#
##......N#
##......(#
##.......
##...>.


You could see a naga sharpshooter, a salamander mystic, 4 salamanders, an
anaconda, a black mamba and a naga.

Vanquished Creatures
  Rupert (Lair:4)
  Gastronok (Lair:1)
  Agnes (D:15)
  Donald (Snake:1)
  An orc warlord (Orc:1)
  2 entropy weavers (Lair:4)
  A dire elephant (Lair:6)
  Nessos (D:13)
  Josephine (D:13)
  A great orb of eyes (shapeshifter) (D:15)
  3 hydras
  A rakshasa (D:15)
  Erolcha (D:13)
  A centaur warrior (D:14)
  An ice dragon (Lair:5)
  5 naga warriors (Snake:1)
  A catoblepas (Lair:6)
  3 anacondas
  7 two-headed ogres
  A queen ant (Lair:4)
  A deep troll shaman (Lair:6)
  5 death yaks (Lair:6)
  2 tengu warriors (D:14)
  Urug (Lair:4)
  7 naga sharpshooters
  An orc high priest (Orc:1)
  Sonja (D:10)
  2 shock serpents (Snake:2)
  4 unseen horrors
  A glowing orange brain (D:15)
  A naga ritualist (Snake:2)
  6 orc knights
  4 lindwurms (D:15)
  A wolf spider zombie (D:13)
  3 orc sorcerers
  5 ugly things
  2 deep elf magi
  3 mana vipers (Snake:2)
  4 salamanders
  3 manticores
  3 merfolk sirens (Lair:2)
  4 cyclopes
  4 elephants (Lair:6)
  23 black mambas
  An ice statue (Lair:5)
  A guardian serpent (Snake:1)
  6 naga magi
  2 gargoyles
  3 rime drakes
  8 spiny frogs
  3 komodo dragons
  A yaktaur (shapeshifter) (D:15)
  3 efreet
  6 trolls
  5 polar bears
  2 merfolk
  Prince Ribbit (D:9)
  18 slime creatures
  Grinder (D:5)
  7 blink frogs
  A snapping turtle (shapeshifter) (D:15)
  11 hippogriffs
  Sigmund (D:6)
  9 wraiths
  5 shadows
  A vampire (D:13)
  2 wyverns
  26 yaks
  A hog (shapeshifter) (D:15)
  16 humans
  Eustachio (D:4)
  A basilisk (Lair:6)
  4 wargs (Orc:1)
  23 nagas
  An acid dragon (D:13)
  16 soldier ants (Lair:4)
  5 porcupines
  11 water moccasins
  Purgy (D:3)
  A black bear (D:13)
  36 orc warriors
  11 ice beasts
  A hornet zombie (D:15)
  A necrophage (D:11)
  8 ogres
  3 phantoms
  3 sky beasts
  19 wolves
  A boggart (shapeshifter) (D:13)
  16 centaurs
  14 crocodiles
  Blork the orc (D:4)
  10 bullfrogs
  A big kobold (D:10)
  A wyvern zombie (D:7)
  A gnoll sergeant (D:12)
  A wyvern skeleton (D:13)
  6 scorpions
  5 killer bees (D:11)
  5 electric eels
  18 wights
  A howler monkey (D:11)
  4 crimson imps
  2 lava snakes (D:12)
  A bullfrog zombie (D:11)
  11 hounds
  2 quasits
  3 centaur zombies
  24 orc priests
  17 jellies
  3 centaur skeletons
  3 bullfrog skeletons
  10 iguanas
  19 orc wizards
  5 hell rats (Lair:6)
  27 worker ants
  A hound zombie (D:5)
  2 hound skeletons
  A howler monkey zombie (D:7)
  2 worker ant zombies
  14 gnolls
  12 adders
  3 shadow imps
  2 white imps (Lair:5)
  3 oozes
  3 adder zombies
  2 adder skeletons
  3 worms
  3 dart slugs
  5 leopard geckos
  104 orcs
  7 bats
  6 giant cockroaches
  2 goblins (D:3)
  6 hobgoblins
  7 jackals
  10 kobolds
  3 quokkas
  2 ball pythons
  5 frilled lizards
  A jackal zombie (D:5)
  3 quokka skeletons
  2 quokka zombies
  9 rats
  A bush (Lair:6)
  A plant (Lair:3)
850 creatures vanquished.

Vanquished Creatures (others)
  A black mamba (Snake:3)
  An orc wizard (Orc:1)
  12 fulminant prisms
  8 fungi
  2 plants
24 creatures vanquished.

Grand Total: 874 creatures vanquished

Notes
Turn   | Place    | Note
-------+----------+-------------------------------------------
     0 | D:1      | vatarom the Deep Elf Fire Elementalist began the quest for the Orb.
     0 | D:1      | Reached XP level 1. HP: 10/10 MP: 6/6
   342 | D:1      | Reached XP level 2. HP: 15/15 MP: 4/8
   901 | D:2      | Found a faded altar of an unknown god.
   934 | D:2      | Learned a level 2 spell: Throw Flame
  1099 | D:2      | Reached XP level 3. HP: 19/19 MP: 7/10
  1304 | D:2      | Found a snail-covered altar of Cheibriados.
  2001 | D:3      | Reached XP level 4. HP: 24/24 MP: 6/11
  2177 | D:3      | Learned a level 3 spell: Conjure Flame
  2182 | D:3      | Learned a level 4 spell: Sticky Flame
  2204 | D:3      | Reached skill level 4 in Fire Magic
  2555 | D:3      | Found a radiant altar of Vehumet.
  2567 | D:3      | Became a worshipper of Vehumet
  2696 | D:4      | Noticed Purgy
  2717 | D:3      | Killed Purgy
  2717 | D:3      | Reached XP level 5. HP: 25/28 MP: 0/13
  2800 | D:4      | Reached skill level 5 in Fire Magic
  3042 | D:4      | Noticed Blork the orc
  3044 | D:4      | Got a smelly leather armour
  3050 | D:4      | Killed Blork the orc
  3050 | D:4      | Reached skill level 5 in Spellcasting
  3050 | D:4      | Reached XP level 6. HP: 32/32 MP: 6/15
  3051 | D:4      | Identified the +1 leather armour "Igaohih" {rN+ Int+3 Slay+2} (You found it on level 4 of the Dungeon)
  3420 | D:4      | Reached skill level 6 in Fire Magic
  3520 | D:4      | Reached XP level 7. HP: 36/36 MP: 11/17
  3586 | D:4      | Found Napnueq's General Store.
  3591 | D:4      | Bought a scroll of identify for 20 gold pieces
  3639 | D:4      | Learned a level 5 spell: Fireball
  3668 | D:4      | Noticed Eustachio
  3678 | D:4      | Killed Eustachio
  4062 | D:5      | Entered Level 5 of the Dungeon
  4104 | D:5      | Reached skill level 5 in Conjurations
  4109 | D:5      | Found Ceudwape's Antique Weapon Emporium.
  4168 | D:5      | Reached * piety under Vehumet
  4168 | D:5      | Offered knowledge of Sandblast by Vehumet.
  4168 | D:5      | Reached skill level 7 in Fire Magic
  4226 | D:5      | Learned a level 1 spell: Sandblast
  4284 | D:5      | Noticed Grinder
  4289 | D:5      | Paralysed by Grinder for 3 turns
  4293 | D:5      | Killed Grinder
  4293 | D:5      | Reached XP level 8. HP: 40/41 MP: 9/20
  4376 | D:5      | Found Juzuar's Food Boutique.
  4421 | D:5      | Found Jatsadimp's Armour Shoppe.
  4425 | D:5      | Found Seoha's Book Shoppe.
  4425 | D:5      | Found Adyrch's Food Shoppe.
  4445 | D:5      | Found Rolepp's Weapon Shoppe.
  4929 | D:5      | Found Obabi's Assorted Antiques.
  5005 | D:6      | Reached skill level 8 in Fire Magic
  5156 | D:6      | Found a shattered altar of Ashenzari.
  5475 | D:6      | Noticed Sigmund
  5477 | D:6      | Killed Sigmund
  5477 | D:6      | Reached skill level 9 in Fire Magic
  5537 | D:6      | Found a burning altar of Makhleb.
  5542 | D:6      | Found a shadowy altar of Dithmenos.
  5744 | D:6      | Offered knowledge of Magic Dart by Vehumet.
  5744 | D:6      | Reached ** piety under Vehumet
  5952 | D:7      | Reached XP level 9. HP: 45/45 MP: 14/23
  6580 | D:7      | Found a staircase to the Ecumenical Temple.
  6601 | Temple   | Entered the Ecumenical Temple
  7262 | D:8      | Reached skill level 10 in Fire Magic
  7276 | D:8      | Found a glowing silver altar of Zin.
  7987 | D:8      | Offered knowledge of Ignite Poison by Vehumet.
  8000 | D:8      | Reached skill level 11 in Fire Magic
  8321 | D:8      | Reached *** piety under Vehumet
  8486 | D:9      | Found Ynupas's Magic Scroll Emporium.
  8504 | D:9      | Noticed a troll
  8507 | D:9      | Reached XP level 10. HP: 40/50 MP: 25/25
  8542 | D:9      | Noticed Prince Ribbit
  8550 | D:9      | Killed Prince Ribbit
  8550 | D:9      | Reached skill level 10 in Spellcasting
  8610 | D:9      | Found a runed door.
  8610 | D:9      | Found a glowing silver altar of Zin.
  8610 | D:9      | Noticed an angel
  8940 | D:9      | Found a runed door.
  9028 | D:9      | Offered knowledge of Throw Icicle by Vehumet.
  9042 | D:9      | Reached skill level 12 in Fire Magic
  9292 | D:9      | Found a staircase to the Lair.
  9437 | D:9      | Found a shadowy altar of Dithmenos.
  9579 | D:10     | Entered Level 10 of the Dungeon
  9579 | D:10     | Noticed a two-headed ogre
  9621 | Lair:1   | Entered Level 1 of the Lair of Beasts
  9684 | Lair:1   | Noticed an eight-headed hydra
  9690 | Lair:1   | Killed an eight-headed hydra
  9704 | Lair:1   | Reached XP level 11. HP: 38/54 MP: 6/28
  9871 | Lair:1   | Reached skill level 13 in Fire Magic
 10229 | Lair:1   | Reached **** piety under Vehumet
 10229 | Lair:1   | Reached skill level 10 in Conjurations
 10598 | Lair:1   | Noticed Gastronok
 10607 | Lair:1   | Killed Gastronok
 11161 | Lair:2   | Learned a level 4 spell: Throw Icicle
 11175 | Lair:2   | Found a staircase to the Shoals.
 11345 | Lair:2   | Offered knowledge of Bolt of Magma by Vehumet.
 11416 | Lair:2   | Found a labyrinth entrance.
 11535 | Lair:2   | Found an iron altar of Okawaru.
 12246 | Lair:3   | Reached skill level 14 in Fire Magic
 12844 | Lair:4   | Reached skill level 5 in Fighting
 12917 | Lair:4   | Reached XP level 12. HP: 68/68 MP: 29/29
 13206 | Lair:4   | Gained mutation: Your flesh is cold resistant. (rC+) [potion of mutation]
 13206 | Lair:4   | Gained mutation: You have an increased reservoir of magic. (+10% MP) [potion of mutation]
 13206 | Lair:4   | Gained mutation: You have sharp toenails. [potion of mutation]
 13225 | Lair:4   | Noticed Rupert
 13332 | Lair:4   | Noticed Urug
 13344 | Lair:4   | Killed Urug
 13344 | Lair:4   | Reached skill level 5 in Dodging
 13555 | Lair:4   | Found a staircase to the Snake Pit.
 13597 | Lair:4   | Killed Rupert
 13678 | Lair:4   | Noticed a queen ant
 13713 | Lair:4   | Killed a queen ant
 13715 | Lair:4   | Noticed an entropy weaver
 13738 | Lair:4   | Killed an entropy weaver
 13844 | Lair:4   | Noticed an entropy weaver
 14104 | Lair:4   | Killed an entropy weaver
 14503 | D:5      | Bought the -2 hat of the Alchemist {rElec rPois rF+ rC+ rN+ MR+ rMut rCorr} for 519 gold pieces
 14503 | D:5      | Found the -2 hat of the Alchemist {rElec rPois rF+ rC+ rN+ MR+ rMut rCorr}
 15364 | Lair:5   | Reached skill level 15 in Fire Magic
 15367 | Lair:5   | Reached XP level 13. HP: 72/72 MP: 3/33
 15503 | Lair:5   | Found a frozen archway.
 15577 | Lair:5   | Reached ***** piety under Vehumet
 15577 | Lair:5   | Offered knowledge of Fulminant Prism by Vehumet.
 15807 | Lair:5   | Learned a level 4 spell: Fulminant Prism
 16252 | Lair:6   | Entered Level 6 of the Lair of Beasts
 16252 | Lair:6   | Found an opulent altar of Gozag.
 16743 | Lair:6   | Found a staircase to the Slime Pits.
 17822 | Lair:6   | Noticed a dire elephant
 18005 | D:10     | Reached skill level 16 in Fire Magic
 18497 | D:10     | Noticed Sonja
 18499 | D:10     | Killed Sonja
 18499 | D:10     | Offered knowledge of Orb of Destruction by Vehumet.
 18558 | D:10     | Learned a level 7 spell: Orb of Destruction
 18911 | D:10     | Found a staircase to the Orcish Mines.
 19778 | D:11     | Got a crude lead ring
 20020 | D:11     | Identified a scroll of acquirement
 20296 | D:11     | Identified the ring "Xoac" {rPois SInv} (You found it on level 11 of the Dungeon)
 20692 | Lair:6   | Reached XP level 14. HP: 78/78 MP: 22/34
 20930 | Lair:6   | Reached skill level 15 in Conjurations
 21236 | Orc:1    | Entered Level 1 of the Orcish Mines
 21297 | Orc:1    | Reached skill level 1 in Evocations
 22452 | Orc:2    | Entered Level 2 of the Orcish Mines
 22540 | Orc:2    | Found a roughly hewn altar of Beogh.
 22720 | Orc:2    | Reached skill level 17 in Fire Magic
 23110 | Orc:2    | Noticed an orc warlord
 23117 | Orc:2    | Offered knowledge of Bolt of Fire by Vehumet.
 23240 | Orc:1    | Killed an orc warlord
 23240 | Orc:1    | Reached skill level 5 in Evocations
 23323 | Orc:1    | Learned a level 6 spell: Bolt of Fire
 23370 | Orc:2    | Found a staircase to the Elven Halls.
 23390 | Orc:2    | Found a roughly hewn altar of Beogh.
 23496 | Orc:2    | Found Bosk's Antique Weapon Shoppe.
 23497 | Orc:2    | Found a roughly hewn altar of Beogh.
 23501 | Orc:2    | Found Kuorch's Antique Armour Emporium.
 23515 | Orc:2    | Bought a pair of warped boots for 285 gold pieces
 23525 | Orc:2    | Identified the -6 pair of boots "Fefromed" {rElec Int+5} (You bought it in a shop on level 2 of the Orcish Mines)
 23607 | Orc:2    | Found a roughly hewn altar of Beogh.
 23610 | Orc:2    | Found Kahougih's Armour Shop.
 23643 | Orc:2    | Found a roughly hewn altar of Beogh.
 23672 | Orc:2    | Found Haapnu's Gadget Emporium.
 23884 | Orc:2    | Found a roughly hewn altar of Beogh.
 23943 | Orc:2    | Found a roughly hewn altar of Beogh.
 25295 | D:13     | Noticed Josephine
 25300 | D:13     | Killed Josephine
 25301 | D:13     | Noticed Nessos
 25439 | D:13     | Found a gate to the Vaults.
 25823 | D:13     | Killed Nessos
 27129 | D:9      | Bought a scroll of blinking for 112 gold pieces
 27129 | D:9      | Bought a scroll of magic mapping for 52 gold pieces
 27129 | D:9      | Bought a scroll of teleportation for 45 gold pieces
 27129 | D:9      | Bought a scroll of teleportation for 45 gold pieces
 27233 | D:13     | Offered knowledge of Ozocubu's Refrigeration by Vehumet.
 27332 | D:13     | Noticed Erolcha
 27336 | D:13     | Killed Erolcha
 27438 | D:13     | Reached XP level 15. HP: 82/82 MP: 26/37
 28077 | D:13     | Found Huantup's Armour Boutique.
 28082 | D:13     | Bought the +2 cloak of the Thief {+Fog Slay-2 SInv Stlth+} for 321 gold pieces
 28082 | D:13     | Found the +2 cloak of the Thief {+Fog Slay-2 SInv Stlth+}
 28403 | D:14     | Noticed Roxanne
 29301 | D:15     | Entered Level 15 of the Dungeon
 29303 | D:15     | Noticed Agnes
 29306 | D:15     | Killed Agnes
 29556 | D:15     | Reached skill level 10 in Evocations
 30441 | D:15     | Reached skill level 18 in Fire Magic
 30476 | D:15     | Found a staircase to the Depths.
 31048 | Snake:1  | Entered Level 1 of the Snake Pit
 31205 | Snake:1  | Reached ****** piety under Vehumet
 31205 | Snake:1  | Offered knowledge of Spellforged Servitor by Vehumet.
 31935 | Lair:4   | Got a pair of slimy gloves
 31941 | Lair:4   | Identified the cursed +0 pair of gloves of the Kangaroo {rElec} (You found it on level 4 of the Lair of Beasts)
 32230 | Snake:1  | Noticed Donald
 32235 | Snake:1  | Killed Donald
 33824 | Snake:2  | Reached XP level 16. HP: 87/87 MP: 29/38
 35517 | Snake:2  | Found an ornate altar of the Wu Jian Council.
 35589 | Snake:3  | Offered knowledge of Freezing Cloud by Vehumet.
 35598 | Snake:3  | Learned a level 6 spell: Freezing Cloud
 35610 | Snake:3  | HP: 2/87 [salamander/enchanted halberd (5)]
 35611 | Snake:3  | Found Bumos's Jewellery Shoppe.
 35616 | Snake:3  | HP: 1/87 [anaconda (11)]
 35616 | Snake:3  | Mangled by a salamander

Skill      XL: |  1  2  3  4  5  6  7  8  9 10 11 12 13 14 15 |
---------------+----------------------------------------------+-----
Conjurations   | 2 3 4 5 6 8 9 11 12 14 15 16 | 16.5
Spellcasting   | 4 5 6 8 9 11 12 | 12.9
Fire Magic     | 4 5 6 7 9 11 12 14 15 16 17 18 | 18.7
Fighting       | 5 |  5.0
Dodging        | 9 |  9.0
Evocations     | 8 12 | 12.1
Stealth        | |  2.4

Action                   |  1- 3 |  4- 6 |  7- 9 | 10-12 | 13-15 | 16-18 || total
-------------------------+-------+-------+-------+-------+-------+-------++-------
Melee: Unarmed           |    22 |     1 |       |       |       |       ||    23
       Whip              |       |     2 |    76 |    24 |       |       ||   102
       Quarterstaff      |       |       |       |       |    14 |       ||    14
       Staff             |       |       |       |       |    35 |       ||    35
 Fire: Hunting sling     |       |    11 |       |       |       |       ||    11
Throw: Stone             |     4 |     8 |     1 |       |       |       ||    13
 Cast: Flame Tongue      |    60 |    67 |   122 |    83 |    46 |       ||   378
       Throw Flame       |     7 |     8 |    23 |    39 |    40 |       ||   117
       Sticky Flame      |       |     2 |    17 |    33 |    68 |     1 ||   121
       Conjure Flame     |       |     4 |     6 |     9 |     1 |       ||    20
       Fireball          |       |       |    26 |    71 |   205 |     5 ||   307
       Sandblast         |       |       |    13 |       |       |       ||    13
       Throw Icicle      |       |       |       |   120 |   236 |    23 ||   379
       Orb of Destructio |       |       |       |       |   133 |    12 ||   145
       Fulminant Prism   |       |       |       |       |    12 |       ||    12
       Bolt of Fire      |       |       |       |       |    89 |    26 ||   115
       Freezing Cloud    |       |       |       |       |       |     4 ||     4
 Abil: Evoke Fog         |       |       |       |       |     4 |     4 ||     8
Evoke: Wand              |       |     2 |       |     6 |     2 |     6 ||    16
       Staff of energy   |       |       |       |       |   113 |     7 ||   120
  Use: Scroll            |     3 |     1 |    10 |    11 |    19 |     7 ||    51
       Potion            |       |       |     2 |     9 |     2 |     1 ||    14
 Stab: Sleeping          |       |       |     1 |     1 |       |       ||     2
  Eat: Chunk             |     8 |    11 |    18 |    33 |    40 |     2 ||   112
       Ration            |       |       |       |       |     9 |     1 ||    10
Armor: Robe              |    11 |     7 |       |       |       |       ||    18
       Leather armour    |       |     1 |    48 |    18 |    57 |     7 ||   131
       Skin              |       |       |       |    37 |       |       ||    37
Dodge: Dodged            |    34 |    27 |   108 |    37 |   235 |    29 ||   470
Block: Other             |       |       |     2 |     4 |    53 |     9 ||    68
       Reflection        |       |       |       |       |     8 |     1 ||     9
